[Event "December 19 Early 2023"]
[Site "https://www.chess.com"]
[Date "2023.12.19"]
[Round "7"]
[White "Kozak, Antoni"]
[Black "Al-Tarboush, Ward"]
[Result "1-0"]
[Board "51"]
[TimeControl "180+1"]
[WhiteFideId "21832030"]
[BlackFideId "7601450"]
[WhiteElo "2470"]
[BlackElo "2278"]
[WhiteTeam "POL"]
[BlackTeam "NOR"]
[WhiteClock "0:00:06"]
[BlackClock "0:00:00"]

1. d4 Nf6 2. Nf3 b6 3. Bg5 Bb7 4. Nbd2 e6 5. e3 Be7 6. Bd3 c5 7. O-O cxd4 8. exd4 O-O 9. a4 Nc6 10. c3 h6 11. Bh4 Rc8 12. Nc4 d6 13. Re1 Qc7 14. Qe2 Nd5 15. Bg3 Rcd8 16. Nfd2 Nf6 17. Nf1 Nb8 18. Nfe3 Rfe8 19. f3 Nbd7 20. Kh1 Nh5 21. Nf1 Nxg3+ 22. Nxg3 Nf6 23. Ne3 Bf8 24. a5 bxa5 25. Ra2 e5 26. dxe5 Rxe5 27. Qf2 Rde8 28. Nc2 Rxe1+ 29. Nxe1 d5 30. Nc2 Bc5 31. Nd4 Qb6 32. Nge2 Bc8 33. Qg3 Bd6 34. Qf2 Bd7 35. g3 a4 36. Kg2 Bb8 37. Nc1 a6 38. Nde2 Qe6 39. Nd4 Qh3+ 40. Kg1 Ba7 41. Bf1 Qh5 42. Nce2 Qe5 43. Ra1 Bb5 44. Nf4 g5 45. Nd3 Qc7 46. Re1 Rxe1 47. Qxe1 Qd8 48. Qe5 Bb8 49. Qe3 Nh5 50. Kg2 Ng7 51. Nxb5 axb5 52. Qc5 Qd7 53. Nb4 Ba7 54. Qxd5 Qc7 55. Qa8+ Kh7 56. Bxb5 Qc5 57. Bd3+ f5 58. g4 Qf2+ 59. Kh3 h5 60. gxf5 g4+ 61. fxg4 hxg4+ 62. Kxg4 Qg2+ 63. Kf4 Qxh2+ 64. Kg5 Qg3+ 65. Kf6 Qd6+ 66. Kf7 Qd7+ 67. Kf6 Qd6+ 68. Kg5 Be3+ 69. Kg4 Qf4+ 70. Kh3 Qh6+ 71. Kg2 Qg5+ 72. Kf3 Qf4+ 73. Kg2 Qf2+ 74. Kh3 Bg5 75. f6+ Nf5 76. Qb7+ Kh6 77. Bxf5 Qxf5+ 78. Kg2 Bxf6 79. Qf3 Qg5+ 80. Qg3 Qd2+ 81. Qf2 Qg5+ 82. Kf3 Qf5+ 83. Ke2 Qb5+ 84. Nd3 Bg5 85. Qh2+ Kg6 86. Qd6+ Kh5 87. Qd4 Kg6 88. Kd1 Qf5 89. Kc2 Bf6 90. Qg1+ Kf7 91. Qa7+ Kg6 92. Qxa4 Qf3 93. Qf4 Qe2+ 94. Qd2 Qe4 95. Qf2 Bg5 96. b4 Qc4 97. Ne5+ Kh5 98. Nxc4 1-0

[Event "December 19 Early 2023"]
[Site "https://www.chess.com"]
[Date "2023.12.19"]
[Round "7"]
[White "Saravana, Krishnan P."]
[Black "Gabrielian, Artur"]
[Result "0-1"]
[Board "52"]
[TimeControl "180+1"]
[WhiteFideId "5018382"]
[BlackFideId "4131002"]
[WhiteElo "2167"]
[BlackElo "2441"]
[WhiteTeam "IND"]
[BlackTeam "RUS"]
[WhiteClock "0:00:05"]
[BlackClock "0:00:03"]

1. e4 c5 2. Nf3 d6 3. d4 cxd4 4. Nxd4 Nf6 5. Nc3 Nc6 6. Bc4 e6 7. Bb3 Be7 8. O-O O-O 9. Kh1 Bd7 10. f4 Nxd4 11. Qxd4 Bc6 12. Be3 Ng4 13. Bg1 Bf6 14. Qd1 Bxc3 15. bxc3 Nf6 16. e5 dxe5 17. fxe5 Qxd1 18. Raxd1 Ne4 19. Bd4 b5 20. Rd3 a5 21. a3 Rfc8 22. Rf4 a4 23. Ba2 Bd5 24. Bb1 Rc4 25. Ba2 Rc7 26. Bxd5 exd5 27. Kg1 Rc6 28. Rf1 h5 29. Rb1 Rb8 30. Kf1 Kf8 31. Ke2 Ke7 32. Rb4 Ke6 33. Rh3 g6 34. Rf3 Rc4 35. Kd3 Rxb4 36. cxb4 g5 37. c3 g4 38. Rf1 Rg8 39. Rf4 h4 40. Rf1 Rg5 41. Rf4 Rg6 42. Rf1 h3 43. g3 Ng5 44. Ke3 Nf3 45. Rf2 Kf5 46. Kd3 Re6 47. Ke3 Kg5 48. Kd3 Kg6 49. Ke3 Kh5 50. Kf4 Rg6 51. Kf5 Kh6 52. Be3+ Kh7 53. Bf4 Rc6 54. Kxg4 Ne1 55. e6 fxe6 56. Be5 Nd3 57. Rf7+ Kg8 58. Rg7+ Kf8 59. Bf6 e5 60. Kf5 Rxc3 61. Rh7 Ke8 62. Rxh3 Rc1 63. Ke6 Rc6+ 64. Kf5 d4 65. Rh8+ Kd7 66. h4 Rc1 67. Ke4 Nf2+ 68. Kxe5 Ng4+ 69. Kf5 Nxf6 70. Kxf6 d3 71. Rh5 Kd6 72. Rh8 Kc7 73. Rh7+ Kc6 74. Ke6 Re1+ 0-1

[Event "December 19 Early 2023"]
[Site "https://www.chess.com"]
[Date "2023.12.19"]
[Round "7"]
[White "Parpiev, Isaak"]
[Black "Chan, Yi Ren Daniel"]
[Result "1-0"]
[Board "53"]
[TimeControl "180+1"]
[WhiteFideId "34281576"]
[BlackFideId "5801583"]
[WhiteElo "2183"]
[BlackElo "2375"]
[WhiteTeam "RUS"]
[BlackTeam "SGP"]
[WhiteClock "0:00:19"]
[BlackClock "0:00:11"]

1. e4 e5 2. Nf3 Nc6 3. Nc3 Nf6 4. a3 g6 5. Bc4 Bg7 6. d3 O-O 7. h3 d6 8. Be3 Be6 9. Qd2 d5 10. exd5 Nxd5 11. O-O Nxc3 12. Bxe6 Nb5 13. Bc4 Nbd4 14. Nxd4 Nxd4 15. c3 Nf5 16. Bg5 Qd6 17. Qe2 h6 18. Bd2 Rfe8 19. a4 Rad8 20. Rad1 a6 21. Qe4 Qb6 22. Qg4 Nd6 23. Bd5 Kh7 24. b4 c6 25. Ba2 Qc7 26. a5 c5 27. Be3 cxb4 28. Qxb4 Qd7 29. Bd5 Nb5 30. c4 f5 31. Bb6 Rb8 32. Bf3 Nd4 33. Bxd4 Qxd4 34. Bd5 Re7 35. Qxe7 b5 36. Qd6 Rc8 37. Qxa6 Rc7 38. Qb6 Rc5 39. Qb8 h5 40. a6 Rxd5 41. cxd5 f4 42. a7 f3 43. a8=Q fxg2 44. Qg8+ Kh6 45. Kxg2 Qf4 46. d6 Qg5+ 47. Kh1 Qf5 48. Qg2 e4 49. Rg1 exd3 50. Qxg6+ Qxg6 51. Rxg6+ Kxg6 52. Rg1+ Kf5 53. Qxg7 d2 54. Qe7 d1=Q 55. Rxd1 Kf4 56. Rd5 b4 57. d7 Kf3 58. d8=Q b3 59. Qdf8# 1-0

[Event "December 19 Early 2023"]
[Site "https://www.chess.com"]
[Date "2023.12.19"]
[Round "7"]
[White "Skvortsov, Andrei"]
[Black "Stepanencu, Nicodim-Cosmin"]
[Result "0-1"]
[Board "54"]
[TimeControl "180+1"]
[WhiteFideId "24108600"]
[BlackFideId "1256220"]
[WhiteElo "2338"]
[BlackElo "2154"]
[WhiteTeam "MNE"]
[BlackTeam "ROU"]
[WhiteClock "0:00:40"]
[BlackClock "0:00:37"]

1. e4 e6 2. d4 d5 3. exd5 exd5 4. Nf3 Bd6 5. c4 Nf6 6. Qe2+ Be7 7. c5 b6 8. cxb6 axb6 9. g3 O-O 10. Be3 Bb4+ 11. Nc3 Ne4 12. Qc2 Qf6 13. Be2 Bg4 14. Nd2 Bxe2 15. Ncxe4 Qf3 16. Nc3 Bxc3 17. Qxc3 Qxh1+ 18. Kxe2 Qxa1 19. a3 c5 20. dxc5 bxc5 21. Bxc5 Re8+ 22. Kf3 Qh1+ 23. Kg4 Nd7 24. Bd4 Rac8 25. Qd3 Ne5+ 26. Bxe5 Rxe5 27. h4 h5+ 28. Kf4 Rce8 29. Nf3 Re4+ 30. Kf5 Qxf3+ 0-1

[Event "December 19 Early 2023"]
[Site "https://www.chess.com"]
[Date "2023.12.19"]
[Round "7"]
[White "Starozhilov, Leonid"]
[Black "Bettalli, Francesco"]
[Result "1-0"]
[Board "55"]
[TimeControl "180+1"]
[WhiteFideId "14106752"]
[BlackFideId "2816453"]
[WhiteElo "2246"]
[BlackElo "2226"]
[WhiteTeam "UKR"]
[BlackTeam "ITA"]
[WhiteClock "0:01:38"]
[BlackClock "0:01:44"]

1. e4 e5 2. Nc3 Nf6 3. Nf3 Nc6 4. Bb5 d6 5. d4 Bd7 6. O-O exd4 7. Nxd4 Nxd4 8. Bxd7+ Qxd7 9. Qxd4 Be7 10. Bg5 O-O 11. e5 Ne8 12. Bf4 Rd8 13. Rad1 Qe6 14. Nd5 dxe5 15. Nxe7+ Qxe7 16. Qxd8 Qxd8 17. Rxd8 exf4 18. Re1 Nd6 19. Rd7 Nc4 20. b3 Na3 21. Rxc7 Rd8 22. Rd7 Rc8 23. c4 g5 24. Ree7 b5 25. Rxf7 bxc4 26. Rg7+ Kf8 27. Rxh7 Kg8 28. Rdg7+ Kf8 29. Rh8+ Kxg7 30. Rxc8 cxb3 31. axb3 Nb5 32. Rc5 Nd4 33. Rxg5+ Kf6 34. Ra5 Nxb3 35. Rxa7 Nd4 36. f3 Ne2+ 37. Kf2 Nc1 38. Ra3 Ke5 39. Ke1 Kd4 40. Kd2 1-0

[Event "December 19 Early 2023"]
[Site "https://www.chess.com"]
[Date "2023.12.19"]
[Round "7"]
[White "Toman, Ondrej"]
[Black "Javakhadze, Zurab"]
[Result "1-0"]
[Board "56"]
[TimeControl "180+1"]
[WhiteFideId "344516"]
[BlackFideId "13603647"]
[WhiteElo "2157"]
[BlackElo "2374"]
[WhiteTeam "CZE"]
[BlackTeam "GEO"]
[WhiteClock "0:00:28"]
[BlackClock "0:00:00"]

1. d4 Nf6 2. Bg5 e6 3. Nd2 h6 4. Bxf6 Qxf6 5. c3 d6 6. e4 e5 7. Ngf3 Nc6 8. Bb5 Bd7 9. d5 Nb8 10. Qa4 Qd8 11. Nf1 g6 12. Ne3 h5 13. h3 Bh6 14. Ke2 a6 15. Bxd7+ Nxd7 16. g4 b5 17. Qc2 Nc5 18. gxh5 Bxe3 19. Kxe3 Rxh5 20. Rag1 Qf6 21. Rg4 Kd7 22. b4 Na4 23. c4 Nb6 24. Nd2 Qh8 25. Rg3 Qh6+ 26. Ke2 Kd8 27. c5 Nd7 28. Rf3 Ke7 29. cxd6+ cxd6 30. Qc7 f5 31. exf5 gxf5 32. Rg1 Rf8 33. Rfg3 Rf7 34. Rg8 1-0

[Event "December 19 Early 2023"]
[Site "https://www.chess.com"]
[Date "2023.12.19"]
[Round "7"]
[White "Feuerstack, Aljoscha"]
[Black "Halkias, Stelios"]
[Result "1-0"]
[Board "57"]
[TimeControl "180+1"]
[WhiteFideId "4681932"]
[BlackFideId "4201809"]
[WhiteElo "2418"]
[BlackElo "2462"]
[WhiteTeam "GER"]
[BlackTeam "GRE"]
[WhiteClock "0:00:10"]
[BlackClock "0:00:00"]

1. e4 c5 2. Nf3 Nc6 3. g3 e6 4. Bg2 d5 5. d3 Bd6 6. O-O Nge7 7. Re1 Bc7 8. exd5 exd5 9. d4 c4 10. b3 O-O 11. Ba3 Bd6 12. Bxd6 Qxd6 13. bxc4 dxc4 14. Nbd2 Be6 15. Ne4 Qc7 16. Neg5 Bd5 17. Nxh7 Bxf3 18. Qxf3 Kxh7 19. d5 Nd8 20. Qe4+ Ng6 21. h4 Kg8 22. h5 Nh8 23. Rab1 f6 24. Rb4 Nhf7 25. Rxc4 Qd7 26. Qh4 Ne5 27. Rce4 Ndf7 28. f4 Ng4 29. Bh3 Nfh6 30. c4 Rac8 31. Re7 Qf5 32. Rxb7 Rxc4 33. Ree7 Rc1+ 34. Bf1 Rxf1+ 35. Kxf1 Qd3+ 36. Ke1 Kh8 37. Rxg7 Qe3+ 38. Kd1 Nf2+ 39. Kc2 Qd3+ 40. Kb2 Nd1+ 41. Kc1 Rc8+ 42. Rgc7 Rxc7+ 43. Rxc7 Ng8 44. Qg4 1-0

[Event "December 19 Early 2023"]
[Site "https://www.chess.com"]
[Date "2023.12.19"]
[Round "7"]
[White "Leiva, Gianmarco"]
[Black "Shaik Sumer Arsh"]
[Result "0-1"]
[Board "58"]
[TimeControl "180+1"]
[WhiteFideId "3804399"]
[BlackFideId "45020000"]
[WhiteElo "2338"]
[BlackElo "2358"]
[WhiteTeam "PER"]
[BlackTeam "IND"]
[WhiteClock "0:00:00"]
[BlackClock "0:02:05"]

1. e4 e6 2. d4 d5 3. Nc3 Bb4 4. e5 c5 5. a3 Bxc3+ 6. bxc3 Ne7 7. h4 Qa5 8. Bd2 Nbc6 9. h5 Bd7 10. h6 g6 11. Nf3 c4 12. a4 O-O-O 13. Ng5 Rdf8 14. Rh3 f6 15. exf6 Rxf6 16. Rf3 Rxf3 17. Qxf3 Nf5 18. g4 Nd6 19. Qf6 Re8 20. Nxh7 Ne4 21. Qg7 e5 22. Nf8 Re7 23. h7 Rxg7 24. h8=Q Re7 25. Nxd7+ Kxd7 26. g5 exd4 27. Bh3+ Kc7 28. Rb1 Nxd2+ 0-1

[Event "December 19 Early 2023"]
[Site "https://www.chess.com"]
[Date "2023.12.19"]
[Round "7"]
[White "Estrada Nieto, Julian"]
[Black "Bardyk, Artem"]
[Result "1-0"]
[Board "59"]
[TimeControl "180+1"]
[WhiteFideId "5101018"]
[BlackFideId "34349979"]
[WhiteElo "2161"]
[BlackElo "2300"]
[WhiteTeam "ESP"]
[BlackTeam "RUS"]
[WhiteClock "0:00:10"]
[BlackClock "0:00:02"]

1. e4 e5 2. Nf3 Nc6 3. Bb5 Nge7 4. Nc3 Ng6 5. O-O Bc5 6. d3 d6 7. Be3 Bb6 8. Nd5 O-O 9. Nxb6 axb6 10. c3 f5 11. Bc4+ Kh8 12. Ng5 f4 13. Qh5 h6 14. Nf7+ Rxf7 15. Bxf7 Nf8 16. Bd2 Qf6 17. Bb3 Be6 18. Kh1 Na5 19. Bxe6 Nxe6 20. Qf5 Qe7 21. Qh5 Rf8 22. g3 Nc6 23. gxf4 Nxf4 24. Bxf4 Rxf4 25. f3 Nd8 26. Rg1 Ne6 27. Raf1 Rh4 28. Qf5 Nf4 29. Rg4 Rh5 30. Qc8+ Kh7 31. Rfg1 g6 32. Qxb7 Nxd3 33. R1g2 Nf4 34. Qc8 Nxg2 35. Kxg2 Qf7 36. Qd8 Rg5 37. Rxg5 hxg5 38. b3 Kh6 39. c4 Kh5 40. Qh8+ Qh7 41. Qxh7# 1-0

[Event "December 19 Early 2023"]
[Site "https://www.chess.com"]
[Date "2023.12.19"]
[Round "7"]
[White "Krysa, Leandro"]
[Black "Martinez Reyes, Pedro Ramon"]
[Result "1/2-1/2"]
[Board "60"]
[TimeControl "180+1"]
[WhiteFideId "116807"]
[BlackFideId "3901807"]
[WhiteElo "2495"]
[BlackElo "2327"]
[WhiteTeam "ARG"]
[BlackTeam "VEN"]
[WhiteClock "0:00:07"]
[BlackClock "0:00:10"]

1. e4 c5 2. Nf3 Nc6 3. Bb5 d6 4. O-O Bd7 5. Re1 Nf6 6. c3 a6 7. Bf1 Bg4 8. h3 Bxf3 9. Qxf3 g6 10. d3 Bg7 11. Qd1 O-O 12. Nd2 b5 13. Nf3 Nd7 14. Be3 e5 15. a4 h6 16. axb5 axb5 17. Rxa8 Qxa8 18. Qb3 Qb7 19. Ra1 Kh7 20. h4 f5 21. h5 f4 22. hxg6+ Kxg6 23. Qe6+ Rf6 24. Qg4+ Kh7 25. Bd2 Rg6 26. Qh3 Rf6 27. Nh4 Ne7 28. Be2 Nf8 29. Bh5 b4 30. c4 Ne6 31. f3 Ng5 32. Qg4 Rf8 33. b3 Bf6 34. Nf5 Nxf5 35. Qxf5+ Kh8 36. Qg6 Bg7 37. Be1 Rf6 38. Qe8+ Rf8 39. Qb5 Rb8 40. Qxb7 Rxb7 41. Bg6 Bf8 42. Bh4 Kg7 43. Bf5 Be7 44. Kf1 Nxf3 45. Bxe7 Nd2+ 46. Ke2 Nxb3 47. Ra6 Nd4+ 48. Kd1 Rxe7 49. Rxd6 Nxf5 50. exf5 Rf7 51. Rd5 Rxf5 52. Rxc5 Rg5 53. Rc7+ Kf6 54. c5 Rxg2 55. c6 b3 56. Rb7 Rc2 57. c7 f3 58. Rxb3 Rxc7 59. Ke1 Kf5 60. Kf2 e4 61. dxe4+ Kxe4 62. Rb4+ Kf5 63. Kxf3 Rc3+ 64. Kg2 Kg5 65. Kh1 Rc5 66. Rb1 Rf5 67. Ra1 Re5 68. Rb1 Rf5 69. Ra1 Re5 70. Rb1 Rf5 1/2-1/2

[Event "December 19 Early 2023"]
[Site "https://www.chess.com"]
[Date "2023.12.19"]
[Round "7"]
[White "Maatman, Nick"]
[Black "Cattaneo, Marco"]
[Result "1-0"]
[Board "61"]
[TimeControl "180+1"]
[WhiteFideId "1040391"]
[BlackFideId "878332"]
[WhiteElo "2705"]
[BlackElo "2186"]
[WhiteTeam "NED"]
[BlackTeam "ITA"]
[WhiteClock "0:01:05"]
[BlackClock "0:00:13"]

1. d4 g6 2. e4 Bg7 3. Nf3 c6 4. c4 d5 5. e5 Bg4 6. Nc3 e6 7. Be3 Nd7 8. cxd5 cxd5 9. Nb5 Ne7 10. Nd6+ Kf8 11. Nxf7 Qa5+ 12. Bd2 Qb6 13. Nxh8 Nf5 14. Bc3 Bxh8 15. h3 Bxf3 16. Qxf3 Kg8 17. Qd3 Rf8 18. O-O-O Bg7 19. Kb1 Ne7 20. f3 Nc6 21. Be2 a6 22. h4 Rc8 23. h5 Nf8 24. hxg6 hxg6 25. f4 Na5 26. Bxa5 Qxa5 27. Rc1 Rxc1+ 28. Rxc1 Bh6 29. g3 Qd8 30. a3 Kg7 31. Bg4 Qe7 32. Qc3 Kf7 33. Qc8 1-0

[Event "December 19 Early 2023"]
[Site "https://www.chess.com"]
[Date "2023.12.19"]
[Round "7"]
[White "Volkov, Maksim"]
[Black "Iljin, Timofey"]
[Result "1-0"]
[Board "62"]
[TimeControl "180+1"]
[WhiteFideId "54123070"]
[BlackFideId "14110180"]
[WhiteElo "2293"]
[BlackElo "2380"]
[WhiteTeam "RUS"]
[BlackTeam "UKR"]
[WhiteClock "0:00:13"]
[BlackClock "0:00:28"]

1. e4 c5 2. Nf3 Nc6 3. d4 cxd4 4. Nxd4 e5 5. Nb5 d6 6. N1c3 a6 7. Na3 Be6 8. Nc4 Nf6 9. Ne3 g6 10. Bc4 Bg7 11. O-O O-O 12. Bd5 Rb8 13. Re1 Nd4 14. a4 Nxd5 15. Ncxd5 f5 16. c3 Nc6 17. b4 fxe4 18. Qc2 Qh4 19. b5 Nd4 20. cxd4 exd4 21. Bb2 dxe3 22. Nxe3 Bxb2 23. Qxb2 axb5 24. axb5 Rf7 25. Re2 Rbf8 26. g3 Qh5 27. Rd2 Bh3 28. Qd4 Qf3 29. Qxd6 Qxe3 30. Qxf8+ Rxf8 31. fxe3 Rf3 32. Re2 Kf7 33. Rf2 Ke6 34. Rxf3 exf3 35. Kf2 Bg4 36. Ra4 h5 37. Rd4 Ke5 38. b6 Be6 39. Kxf3 Bd5+ 40. Kf2 Bc6 41. h3 g5 42. g4 hxg4 43. hxg4 Ke6 44. Ke2 Ke5 45. Kd2 Ke6 46. Kc3 Ke5 47. Kb4 Ke6 48. Kc5 Ke5 49. Rd2 Bf3 50. Rd4 Bc6 51. Rd6 Bf3 52. Rg6 Ke4 53. Rxg5 Kxe3 54. Rg7 Kd3 55. Kd6 Kc3 56. Kc7 Kb4 57. g5 Kb5 58. g6 Be4 59. Rg8 Bd5 60. Rf8 Bc4 61. g7 Ka6 62. Rf4 Ka5 63. Rxc4 Kb5 64. g8=Q Ka6 65. Qe6 Kb5 66. Qd5+ Ka6 67. Ra4# 1-0

[Event "December 19 Early 2023"]
[Site "https://www.chess.com"]
[Date "2023.12.19"]
[Round "7"]
[White "Shimanov, Aleksandr"]
[Black "Deng, Henry"]
[Result "1-0"]
[Board "63"]
[TimeControl "180+1"]
[WhiteFideId "4198603"]
[BlackFideId "30965454"]
[WhiteElo "2611"]
[BlackElo "2580"]
[WhiteTeam "RUS"]
[BlackTeam "USA"]
[WhiteClock "0:01:08"]
[BlackClock "0:00:39"]

1. d4 d5 2. c4 c6 3. e3 Nf6 4. Bd3 Bg4 5. f3 Bc8 6. Nc3 g6 7. Nge2 Bg7 8. e4 O-O 9. cxd5 cxd5 10. e5 Ne8 11. h4 f6 12. h5 fxe5 13. dxe5 Bf5 14. hxg6 hxg6 15. g4 Bxd3 16. Qxd3 e6 17. Qxg6 Rxf3 18. Nd4 Rg3 19. Nxe6 Qd7 20. Nxd5 Nc6 21. Qh7+ Kf7 22. Rf1+ Kxe6 23. Qf5+ Kxd5 24. Qxd7+ Kxe5 25. Rf5+ Ke4 26. Rf4+ Ke5 27. Rf5+ Ke4 28. Qd5# 1-0

[Event "December 19 Early 2023"]
[Site "https://www.chess.com"]
[Date "2023.12.19"]
[Round "7"]
[White "Deac, Bogdan-Daniel"]
[Black "Bazilius, Augustinas"]
[Result "0-1"]
[Board "64"]
[TimeControl "180+1"]
[WhiteFideId "1226380"]
[BlackFideId "12832251"]
[WhiteElo "2641"]
[BlackElo "2082"]
[WhiteTeam "ROU"]
[BlackTeam "LTU"]
[WhiteClock "0:00:02"]
[BlackClock "0:00:08"]

1. c4 Nf6 2. g3 c5 3. Bg2 d5 4. cxd5 Nxd5 5. Nc3 Nc7 6. d3 Nc6 7. Bxc6+ bxc6 8. Be3 e5 9. Rc1 Be6 10. Nf3 f6 11. Qa4 Be7 12. Bxc5 O-O 13. Bxe7 Qxe7 14. O-O Nb5 15. Ne4 Bd5 16. Ned2 f5 17. e4 Bf7 18. Rxc6 Rab8 19. Rfc1 Qd8 20. Qa5 Qxd3 21. Nxe5 Qe2 22. Nxf7 fxe4 23. Nb3 Qf3 24. R6c2 Qxf7 25. Re2 e3 26. fxe3 Nd6 27. e4 Nc4 28. Qc3 Rbc8 29. e5 Qe6 30. Qd4 Rfd8 31. Qe4 Qb6+ 32. Kh1 Nd2 33. Rxc8 Nxe4 34. Rxd8+ Qxd8 35. Rxe4 Qd5 36. Nc5 Qxc5 37. Kg2 Qc2+ 38. Kf3 Qxb2 39. e6 Kf8 40. Rf4+ Ke7 41. Rf7+ Kxe6 42. Rxa7 Qc3+ 43. Kg2 Qc2+ 44. Kh3 Qf5+ 45. Kg2 Qe4+ 46. Kh3 Qf5+ 47. Kg2 Qd5+ 48. Kh3 Kf6 49. Ra6+ Kg5 50. Ra7 Qf5+ 51. Kg2 Qc2+ 52. Kh3 Qc8+ 53. Kg2 g6 54. h4+ Kh6 55. Ra3 Qc6+ 56. Rf3 Qd5 57. g4 Qxa2+ 58. Kg3 Qd5 59. Re3 Qd4 60. Rf3 Qe5+ 61. Kh3 Qe1 62. Rf7 Qh1+ 63. Kg3 Qg1+ 64. Kh3 Qe3+ 65. Kg2 Qe4+ 66. Kg3 Qe3+ 67. Kg2 Qe2+ 68. Kg3 Qd3+ 69. Rf3 Qd6+ 70. Kh3 Qe6 71. Kg3 Kg7 72. g5 Qe5+ 73. Kh3 Qe4 74. Kg3 h6 75. gxh6+ Kxh6 76. Rf4 Qe3+ 77. Rf3 Qe5+ 78. Kg4 Qe6+ 79. Kg3 Kh5 80. Rf4 Qe5 81. Kf3 Qxf4+ 82. Kxf4 Kxh4 83. Ke5 g5 84. Kf6 g4 85. Ke7 g3 86. Kd7 g2 0-1

[Event "December 19 Early 2023"]
[Site "https://www.chess.com"]
[Date "2023.12.19"]
[Round "7"]
[White "Jumabayev, Rinat"]
[Black "Kim, Sergey"]
[Result "1-0"]
[Board "65"]
[TimeControl "180+1"]
[WhiteFideId "13702661"]
[BlackFideId "13700570"]
[WhiteElo "2561"]
[BlackElo "2603"]
[WhiteTeam "KAZ"]
[BlackTeam "KAZ"]
[WhiteClock "0:00:04"]
[BlackClock "0:00:13"]

1. d4 Nf6 2. c4 g6 3. Nc3 Bg7 4. e4 d6 5. h3 O-O 6. Nf3 e5 7. d5 a5 8. Be3 Na6 9. g4 Nc5 10. Nd2 Bd7 11. Be2 a4 12. h4 c6 13. h5 Ne8 14. g5 Nc7 15. Rc1 cxd5 16. exd5 N7a6 17. Nde4 Bf5 18. Ng3 Qd7 19. Nxf5 Qxf5 20. Bg4 Qd3 21. Be2 Qf5 22. Bg4 Qd3 23. Rh3 Qxc4 24. Be2 Qb4 25. Rc2 Rac8 26. a3 Qa5 27. Kf1 Qd8 28. Nb5 b6 29. Bg4 Rb8 30. Kg2 Nc7 31. Nc3 Qe8 32. Qh1 Nb5 33. hxg6 hxg6 34. Rh7 Nd4 35. Rc1 Nd3 36. Rxg7+ Kxg7 37. Qh6+ Kg8 38. Rh1 1-0

[Event "December 19 Early 2023"]
[Site "https://www.chess.com"]
[Date "2023.12.19"]
[Round "7"]
[White "Brodsky, David"]
[Black "Spata, German"]
[Result "1-0"]
[Board "66"]
[TimeControl "180+1"]
[WhiteFideId "2073250"]
[BlackFideId "113026"]
[WhiteElo "2811"]
[BlackElo "2260"]
[WhiteTeam "USA"]
[BlackTeam "ARG"]
[WhiteClock "0:00:08"]
[BlackClock "0:00:00"]

1. d4 d5 2. Nf3 e6 3. g3 Nf6 4. Bg2 b5 5. a4 b4 6. O-O a5 7. c4 bxc3 8. Nxc3 Be7 9. Ne5 O-O 10. e4 Bb7 11. Qc2 Nbd7 12. Nxd7 Qxd7 13. e5 Ne8 14. Be3 Rc8 15. f4 c5 16. f5 cxd4 17. Bxd4 Rc4 18. Rad1 Rxd4 19. Rxd4 Bc5 20. Nb5 Qc6 21. Rc1 Bxd4+ 22. Nxd4 Qd7 23. Bf1 exf5 24. Bb5 Qd8 25. Qxf5 Nc7 26. Bd3 g6 27. Qf6 Ne6 28. Qxd8 Rxd8 29. Nxe6 fxe6 30. Rc7 Bc8 31. Ra7 Bd7 32. Rxa5 Rb8 33. Bb5 Bxb5 34. Rxb5 Rc8 35. a5 Rc1+ 36. Kf2 Ra1 37. b4 d4 38. Ke2 Ra3 39. Rb6 Rb3 40. a6 Rxb4 41. Rxb4 1-0

[Event "December 19 Early 2023"]
[Site "https://www.chess.com"]
[Date "2023.12.19"]
[Round "7"]
[White "Rustemov, Alexander"]
[Black "Aswath, S"]
[Result "1-0"]
[Board "67"]
[TimeControl "180+1"]
[WhiteFideId "4119002"]
[BlackFideId "46694919"]
[WhiteElo "2777"]
[BlackElo "2138"]
[WhiteTeam "RUS"]
[BlackTeam "IND"]
[WhiteClock "0:00:14"]
[BlackClock "0:00:01"]

1. d4 f6 2. e4 g6 3. h4 Nh6 4. Nc3 Nf7 5. e5 Bg7 6. h5 g5 7. h6 Bxh6 8. Qh5 Bg7 9. Nf3 Nc6 10. Be3 h6 11. O-O-O d5 12. exd6 cxd6 13. Bc4 O-O 14. Qg6 e6 15. Bd3 f5 16. Bxg5 Nxg5 17. Rxh6 Rf6 18. Rh8+ Kxh8 19. Qxg5 Rh6 20. Qg3 Bd7 21. Ne2 Qf6 22. Nf4 Nxd4 23. Nxd4 Qxd4 24. c3 Qf6 25. Bc2 d5 26. Kb1 Rc8 27. Qe3 e5 28. Nxd5 Qe6 29. Qxa7 Bc6 30. Bb3 Qf6 31. Nxf6 Rxf6 32. Rh1+ Bh6 33. Qe3 Kh7 34. Qxe5 Be4+ 35. Ka1 Rg6 36. f3 Bd3 37. a3 Rg5 38. Qe6 Rg6 39. Qxc8 1-0

[Event "December 19 Early 2023"]
[Site "https://www.chess.com"]
[Date "2023.12.19"]
[Round "7"]
[White "Ozates, Tuna"]
[Black "Martinez Ramirez, Lennis"]
[Result "1-0"]
[Board "68"]
[TimeControl "180+1"]
[WhiteFideId "6354521"]
[BlackFideId "3509079"]
[WhiteElo "2151"]
[BlackElo "2405"]
[WhiteTeam "TUR"]
[BlackTeam "CUB"]
[WhiteClock "0:00:07"]
[BlackClock "0:00:00"]

1. e4 c5 2. Nf3 e6 3. c3 Nf6 4. d3 d5 5. Nbd2 Nc6 6. g3 d4 7. c4 e5 8. Bg2 h6 9. O-O g5 10. a3 a5 11. Ne1 Rg8 12. Nc2 h5 13. Rb1 h4 14. b4 axb4 15. axb4 cxb4 16. Nb3 g4 17. Bd2 h3 18. Bh1 Nd7 19. f4 f6 20. Qe1 Ra4 21. fxe5 Ndxe5 22. Qe2 b6 23. Rf2 Be7 24. Rbf1 Ra2 25. Bf4 Be6 26. Qd1 Ra7 27. Rd2 Bc5 28. Qb1 Qa8 29. Bxe5 fxe5 30. Rf6 Ke7 31. Rdf2 Kd6 32. Qc1 Re7 33. Qh6 Qa2 34. Nxc5 bxc5 35. Ne3 Qb1+ 36. Rf1 Qxd3 37. Nf5+ Kd7 38. Nxe7 Bxc4 39. Nxc6 1-0

[Event "December 19 Early 2023"]
[Site "https://www.chess.com"]
[Date "2023.12.19"]
[Round "7"]
[White "Farahat, Ali"]
[Black "Srihari L R"]
[Result "1/2-1/2"]
[Board "69"]
[TimeControl "180+1"]
[WhiteFideId "10600507"]
[BlackFideId "46617116"]
[WhiteElo "2254"]
[BlackElo "2338"]
[WhiteTeam "USA"]
[BlackTeam "IND"]
[WhiteClock "0:00:01"]
[BlackClock "0:00:18"]

1. d4 d5 2. Nf3 c5 3. e3 Nc6 4. c4 Nf6 5. cxd5 Nxd5 6. e4 Nb6 7. d5 Nb8 8. Nc3 g6 9. Be3 N8d7 10. a4 a5 11. Bb5 Bg7 12. Bxc5 O-O 13. Bd4 Nf6 14. O-O Bd7 15. Qb3 Bxb5 16. Qxb5 Ra6 17. Rad1 Ne8 18. e5 Nc7 19. Bxb6 Nxb5 20. Bxd8 Nxc3 21. Bxe7 Nxd1 22. Bxf8 Nxb2 23. Bxg7 Kxg7 24. Rb1 Nxa4 25. Rxb7 Nc5 26. Rc7 Rb6 27. h4 Na6 28. Ra7 a4 29. e6 a3 30. e7 a2 31. e8=Q a1=Q+ 32. Kh2 Qf6 33. Qe5 Qxe5+ 34. Nxe5 Rf6 35. Nxf7 Rxf7 36. Rxa6 Rxf2 37. Ra7+ Kh6 38. d6 Rd2 39. d7 g5 40. hxg5+ Kxg5 41. Kg3 Kf6 42. Kf4 Ke7 43. g4 Rxd7 44. Rxd7+ Kxd7 45. Kg5 Ke6 46. Kh6 Kf6 47. Kh5 Kg7 48. Kg5 h6+ 49. Kf5 Kf7 50. Kf4 Kf6 51. Kg3 Kg5 52. Kh3 h5 53. gxh5 Kxh5 1/2-1/2

[Event "December 19 Early 2023"]
[Site "https://www.chess.com"]
[Date "2023.12.19"]
[Round "7"]
[White "Nanu, Costica-Ciprian"]
[Black "Adla, Diego"]
[Result "1/2-1/2"]
[Board "70"]
[TimeControl "180+1"]
[WhiteFideId "1204580"]
[BlackFideId "100072"]
[WhiteElo "2485"]
[BlackElo "2377"]
[WhiteTeam "ROU"]
[BlackTeam "ARG"]
[WhiteClock "0:00:33"]
[BlackClock "0:00:13"]

1. e4 e5 2. Nf3 Nc6 3. Bb5 a6 4. Ba4 Nf6 5. O-O Bc5 6. c3 b5 7. Bc2 d6 8. d4 Ba7 9. a4 Bg4 10. axb5 axb5 11. d5 Ne7 12. Qd3 Bxf2+ 13. Kxf2 Rxa1 14. Na3 O-O 15. h3 Bd7 16. Kg1 c6 17. Nd2 cxd5 18. exd5 Nexd5 19. Nb3 Rxc1 20. Nxc1 b4 21. Nc4 bxc3 22. bxc3 Qc7 23. Nxd6 g6 24. Ne4 Nxe4 25. Qxe4 Nxc3 26. Qh4 Be6 27. Kh1 Nd5 28. Be4 Nf4 29. Qf6 Nh5 30. Qf3 Rd8 31. Ne2 Qc5 32. g4 Nf4 33. Nxf4 exf4 34. Qxf4 Rd4 35. Qb8+ Kg7 36. Qb2 Qe5 37. Bg2 Bd5 38. Bxd5 Qxd5+ 39. Qg2 Qe5 40. Qf3 f6 41. Qb7+ Kh6 42. Qf3 Rd6 43. Kg2 Kg5 44. Rf2 Qd5 45. Kg3 Qxf3+ 46. Rxf3 Kh6 47. Ra3 Rd7 48. Kf3 Kg7 49. Kf4 Kf7 50. Ra6 Rb7 51. h4 h6 52. h5 Rb4+ 53. Kf3 gxh5 54. gxh5 Rh4 55. Ra7+ Ke6 56. Ra6+ Ke5 57. Ra5+ Ke6 58. Kg3 Rd4 59. Ra6+ Rd6 60. Ra8 Kf5 61. Rg8 Rd3+ 62. Kg2 Rd2+ 63. Kg3 Rd3+ 64. Kg2 Kf4 65. Rg6 f5 66. Rxh6 Rd2+ 67. Kg1 Kf3 68. Rg6 f4 69. h6 Rd1+ 70. Kh2 Rd5 71. Kg1 Rh5 72. Re6 Kg4 73. Rg6+ Kf5 74. Ra6 Kg5 75. Kf2 Rh2+ 76. Kf3 Rh3+ 77. Kf2 Rxh6 78. Rxh6 Kxh6 79. Kf3 Kg5 80. Kf2 Kg4 81. Kg2 f3+ 82. Kf2 Kf4 83. Kf1 Kg3 84. Kg1 f2+ 85. Kf1 Kf3 1/2-1/2